 Dungeon Sprint DCSS version 0.26-a0-649-gf8c6c3aab7 (webtiles) character file.

Game seed: 11399140430754709394

935 sahdkjhfkaj the Geomancer (level 8, -1/56 HPs)
             Began as a Gargoyle Earth Elementalist on Sept 26, 2020.
             Was a Believer of Vehumet.
             Shot with an arrow by a centaur warrior (17 damage)
             ... in the Dungeon (Sprint IX: "|||||||||||||||||||||||||||||").
             The game lasted 00:01:35 (833 turns).

sahdkjhfkaj the Geomancer (GrEE)                     Turns: 833, Time: 00:01:36

Health: -1/56      AC:  8    Str: 11    XL:     8   Next: 11%
Magic:  14/20      EV: 14    Int: 19    God:    Vehumet [**....]
Gold:   0          SH:  0    Dex: 13    Spells: 15/23 levels left

rFire    . . .     SeeInvis .   m - +4 quarterstaff (speed)
rCold    . . .     Faith    .   (shield currently unavailable)
rNeg     + . .     Spirit   .   c - +0 robe
rPois    ∞         Reflect  .   (no helmet)
rElec    +         Harm     .   (no cloak)
rCorr    .         Rampage  .   (no gloves)
MR       .....     NoTele   +   n - +0 pair of boots
Stlth    ++........             (no amulet)
HPRegen  0.18/turn              o - +2 ring of evasion
MPRegen  0.17/turn              p - +3 ring of dexterity

@: no status effects
A: negative energy resistance 1, electricity resistance, unbreathing,
petrification resistance, rot immunity, AC +5
a: Renounce Religion


You were in the Dungeon.
You worshipped Vehumet.
Vehumet was pleased with you.
You visited 1 branch

Inventory:

Hand Weapons
 m - a +4 quarterstaff of speed (weapon)
Missiles
 b - 7 stones (quivered)
Armour
 c - a +0 robe (worn)
 n - a +0 pair of boots (worn)
Jewellery
 o - a +2 ring of evasion (left hand)
 p - a +3 ring of dexterity (right hand)
Wands
 l - a wand of iceblast (8)
Scrolls
 i - 2 scrolls of blinking
 j - 3 scrolls of remove curse
 k - 2 scrolls of amnesia
Potions
 a - 2 potions of magic
 d - 5 potions of curing
 e - 3 potions of heal wounds
 f - a potion of haste
 g - a potion of invisibility
 h - a potion of berserk rage


   Skills:
 + Level 9.4 Fighting
 - Level 1.5 Dodging
 - Level 2.1 Stealth
 + Level 8.2 Spellcasting
 - Level 0.7 Transmutations
 * Level 14.3 Earth Magic


You had 15 spell levels left.
You knew the following spells:

 Your Spells              Type           Power        Failure   Level
a - Sandblast             Erth           ######       1%          1
b - Stone Arrow           Conj/Erth      #####.       1%          3
c - Petrify               Tmut/Erth      #####...     4%          4

Your spell library contained the following spells:

 Spells                   Type           Power        Failure   Level
 Magic Dart               Conj           #...         9%          1
 Passwall                 Tmut/Erth      #####...     1%          2
 Lee's Rapid Deconstruct  Erth           ######....   1%          5


Dungeon Overview and Level Annotations

Branches:
Dungeon (1/1)

Altars:
Cheibriados
Dithmenos
Elyvilon
Fedhas
Gozag
Hepliaklqana
Kikubaaqudgha
Makhleb
Nemelex Xobeh
Okawaru
Qazlal
Ru
Sif Muna
Trog
Uskayaw
Vehumet
Wu Jian
Xom
Yredelemnul
Zin
The Shining One
Beogh
Jiyva
Lugonu


Innate Abilities, Weirdness & Mutations

You are resistant to torment.
Your stone body is resilient. (AC +5)
You are immune to poison.
You resist negative energy. (rN+)
You are resistant to electric shocks. (rElec)
You can survive without breathing.
You are immune to petrification.
You are immune to rotting.


Message History

Casting: Stone Arrow (safe; 1% risk of failure)
Confirm with . or Enter, or press ? or * to list all spells.
Aiming: Stone Arrow (safe; 1% risk of failure)
Press: ? - help, Shift-Dir - straight line, f - centaur warrior
Aim: a centaur warrior, wielding a +0 longbow and quivering 13 arrows The stone arrow hits the centaur warrior!!
The centaur warrior is moderately wounded.
The yak bellows!
The centaur warrior shoots an arrow.
The arrow hits you!!
The centaur warrior shoots an arrow.
The arrow hits you!
* * * LOW HITPOINT WARNING * * *
Casting: Stone Arrow (safe; 1% risk of failure)
Confirm with . or Enter, or press ? or * to list all spells.
Aiming: Stone Arrow (safe; 1% risk of failure)
Press: ? - help, Shift-Dir - straight line, f/p - centaur warrior
Aim: a centaur warrior, wielding a +0 longbow and quivering 11 arrows (moderately wounded)
The stone arrow hits the centaur warrior!
The centaur warrior is severely wounded.
The centaur warrior shoots an arrow.
The arrow hits you!
You die...

▓Z▓
▓H▓
▓c▓
▓Y▓
▓a▓
▓c▓
▓'▓
▓@▓
▓.▓
▓.▓
▓.▓
▓.▓
▓÷▓
▓'▓
▓.▓
▓.▓


You could see 2 centaur warriors, a manticore, a yak, a worker ant and a bat
zombie.

Vanquished Creatures
  An unseen horror (D)
  2 ice beasts (D)
  A phantom (D)
  A bullfrog (D)
  A hound (D)
  An orc wizard (D)
  3 adders (D)
  A dart slug (D)
  2 goblins (D)
  A quokka (D)
  A frilled lizard (D)
  A rat (D)
16 creatures vanquished.

Notes
Turn   | Place    | Note
-------+----------+-------------------------------------------
     0 | D        | sahdkjhfkaj the Gargoyle Earth Elementalist began the quest
                  | for the Orb.
     0 | D        | Reached XP level 1. HP: 10/10 MP: 3/3
     6 | D        | Reached skill level 4 in Earth Magic
     7 | D        | Reached skill level 1 in Fighting
    43 | D        | Reached XP level 2. HP: 17/17 MP: 0/5
   185 | D        | Noticed an ice beast
   185 | D        | Noticed a phantom
   192 | D        | Reached skill level 6 in Earth Magic
   192 | D        | Reached XP level 3. HP: 18/23 MP: 4/7
   195 | D        | Killed a phantom
   195 | D        | Reached skill level 5 in Fighting
   195 | D        | Reached skill level 8 in Earth Magic
   195 | D        | Reached XP level 4. HP: 24/31 MP: 1/10
   195 | D        | Reached XP level 5. HP: 27/35 MP: 1/12
   200 | D        | Reached skill level 9 in Earth Magic
   215 | D        | Killed an ice beast
   215 | D        | Reached skill level 5 in Spellcasting
   215 | D        | Reached skill level 10 in Earth Magic
   399 | D        | Learned a level 3 spell: Stone Arrow
   404 | D        | Learned a level 4 spell: Petrify
   410 | D        | Found a roughly hewn altar of Beogh.
   410 | D        | Found a snail-covered altar of Cheibriados.
   410 | D        | Found a shadowy altar of Dithmenos.
   410 | D        | Found a white marble altar of Elyvilon.
   410 | D        | Found a blossoming altar of Fedhas.
   410 | D        | Found an opulent altar of Gozag.
   411 | D        | Found a hazy altar of Hepliaklqana.
   412 | D        | Found a viscous altar of Jiyva.
   413 | D        | Found an ancient bone altar of Kikubaaqudgha.
   414 | D        | Found a corrupted altar of Lugonu.
   415 | D        | Found a burning altar of Makhleb.
   416 | D        | Found a sparkling altar of Nemelex Xobeh.
   417 | D        | Found an iron altar of Okawaru.
   418 | D        | Found a stormy altar of Qazlal.
   419 | D        | Found a sacrificial altar of Ru.
   420 | D        | Found a shimmering blue altar of Sif Muna.
   421 | D        | Found a bloodstained altar of Trog.
   422 | D        | Found a hide-covered altar of Uskayaw.
   423 | D        | Found a radiant altar of Vehumet.
   424 | D        | Found an ornate altar of the Wu Jian Council.
   425 | D        | Found a shimmering altar of Xom.
   426 | D        | Found a basalt altar of Yredelemnul.
   427 | D        | Found a glowing silver altar of Zin.
   428 | D        | Found a glowing golden altar of the Shining One.
   446 | D        | Became a worshipper of Vehumet
   476 | D        | Noticed an ice beast
   477 | D        | Reached XP level 6. HP: 41/41 MP: 10/14
   482 | D        | Killed an unseen horror
   482 | D        | Reached * piety under Vehumet
   482 | D        | Offered knowledge of Freeze by Vehumet.
   482 | D        | Reached skill level 13 in Earth Magic
   482 | D        | Reached XP level 7. HP: 27/51 MP: 1/18
   483 | D        | Reached skill level 14 in Earth Magic
   483 | D        | Reached XP level 8. HP: 19/56 MP: 3/20
   791 | D        | Reached ** piety under Vehumet
   791 | D        | Offered knowledge of Magic Dart by Vehumet.
   831 | D        | Noticed a manticore
   831 | D        | Noticed a centaur warrior
   831 | D        | Noticed a yak
   831 | D        | Noticed a centaur warrior
   833 | D        | Shot with an arrow by a centaur warrior

Illustrated notes

Levels and vault maps discovered:
D:        linesprint [early_d, line_temple, items_1, d_10, items_2, lair_1,
          lair_end, items_3, orc_1, orc_end, items_4, d_15, swamp_1, shoals_1,
          snake_1, spider_1, d_20, vaults_1, items_5, swamp_end, shoals_end,
          snake_end, spider_end, vaults_end, d_27, items_6, zot_1, zot_end,
          crypt_end, forest_end, elf_end, slime_end, tomb_end, abyss_end,
          pan_hell_end]

Skill      XL: |  1  2  3  4  5  6  7 |
---------------+----------------------+-----
Earth Magic    | 4 6 8 10 13 14 | 14.3
Fighting       | 1 3 5 6 9 |  9.4
Spellcasting   | 3 4 5 7 8 |  8.2
Dodging        | |  1.5
Stealth        | |  2.1
Transmutations | |  0.7

Action                   |  1- 3 |  4- 6 |  7- 9 || total
-------------------------+-------+-------+-------++-------
Melee: Unarmed           |     8 |    11 |       ||    19
 Cast: Sandblast         |    13 |     9 |     1 ||    23
       Stone Arrow       |       |     4 |     4 ||     8
Evoke: Wand              |       |     1 |     1 ||     2
  Use: Potion            |     1 |     1 |       ||     2
Armor: Robe              |     3 |    10 |       ||    13
Dodge: Dodged            |    10 |    12 |       ||    22

Table legend: (Time is in decaauts)
 A = Elapsed time spent in this place.
 B = Non-inter-level travel time spent in this place.
 C = Inter-level travel time spent in this place.
 D = Time resting spent in this place.
 E = Time spent auto-exploring this place.
 F = Levels seen in this place.
 G = Mean time per level.
                   A        B        C        D        E       F      G
               +--------+--------+--------+--------+--------+-----+--------+
         Total |    831 |    831 |      0 |    641 |     71 |   1 |  831.0 |
       Dungeon |    831 |    831 |      0 |    641 |     71 |   1 |  831.0 |
               +--------+--------+--------+--------+--------+-----+--------+

Top non-repeatable levels by time:
       D: 831 daAuts
